 Dungeon Crawl Stone Soup version 0.21.1-1-g345015f (webtiles) character file.

462 PaperRat the Bolt Thrower (level 6, 0/56 HPs)
             Began as a Deep Dwarf Hunter on Mar 23, 2018.
             Killed by divine providence
             ... invoked by an orc priest
              (7 damage)
             ... on level 4 of the Dungeon.
             The game lasted 00:31:40 (2815 turns).

PaperRat the Bolt Thrower (Deep Dwarf Hunter)       Turns: 2815, Time: 00:31:41

Health: 0/56       AC:  9    Str: 18    XL:     6   Next: 79%
Magic:  6/6        EV: 11    Int: 11    God:
Gold:   192        SH:  0    Dex: 13    Spells: 5/5 levels left

rFire    . . .     SeeInvis .   a - +0 hand axe (chop)
rCold    . . .     Gourm    .   (no shield)
rNeg     + . .     Faith    .   p - +0 scale mail
rPois    .         Spirit   .   (no helmet)
rElec    .         Reflect  .   k - +1 cloak
rCorr    +         Harm     .   (no gloves)
MR       .....                  (no boots)
Stlth    ..........             (no amulet)
HPRegen  0.00/turn              r - ring of positive energy
MPRegen  0.10/turn              u - ring of resist corrosion

@: non-regenerating
A: damage resistance, heal wounds, sense surroundings 1, no regeneration
a: Heal Wounds


You were on level 4 of the Dungeon.
You were not hungry.

You visited 1 branch of the dungeon, and saw 4 of its levels.

You collected 192 gold pieces.

Inventory:

Hand Weapons
 a - a +0 hand axe of chopping (weapon)
 b - a +2 hand crossbow
Missiles
 d - 6 bolts
 e - 97 stones (quivered)
 t - 4 tomahawks
Armour
 g - a scarf of repulsion
 k - a +1 cloak (worn)
 p - a +0 scale mail (worn)
Jewellery
 l - an uncursed ring of magical power
 r - a ring of positive energy (left hand)
 u - a ring of resist corrosion (right hand)
Wands
 q - a wand of disintegration (6)
Scrolls
 m - a scroll of enchant weapon
 s - a scroll of fog
Potions
 c - a potion of heal wounds
 h - 3 potions of agility
 i - a potion of cancellation
 j - 5 potions of curing
 n - a potion of might {unknown}
 o - 3 potions of haste {unknown}
Comestibles
 f - 3 rations
 w - 4 chunks of flesh


   Skills:
 + Level 3.2 Fighting
 * Level 3.2 Axes
 + Level 5.6 Crossbows
 * Level 4.3 Armour
 - Level 3.0 Dodging
 - Level 1.2 Stealth


You had 5 spell levels left.
You didn't know any spells.

Dungeon Overview and Level Annotations

Branches:
Dungeon (4/15)
 Temple: D:4-7

Altars:
Fedhas
Sif Muna
Xom

Shops:
D:4 [


Innate Abilities, Weirdness & Mutations

You are resistant to damage.
You can heal yourself by infusing magical energy.
You passively map a small area around you.
You do not regenerate.


Message History

You're too confused!
Firing (i - inventory. (,) - cycle):
d - 7 bolts (quivered)
Press: ? - help, Shift-Dir - straight line, f/p - orc priest
Aim: an orc priest, wielding a mace (heavily wounded)
You shoot a bolt.
You hear some strange, mumbled words.
Something tries to affect you, but you resist.
a - a +0 hand axe of chopping (weapon)
Something hits you but does no damage.
You bump into the rock wall.
Something hits you but does no damage.
You hit something but do no damage.
You feel less confused. Something hits you but does no damage.
The orc priest mumbles some strange prayers to Beogh against you.
Beogh smites you!
* * * LOW HITPOINT WARNING * * *
You hit something. Something hits you but does no damage.
The orc priest mumbles some strange prayers to Beogh against you.
Beogh smites you!
You die...

....... * *
....... , *
.(..... , ,
..((...## **,.., *
,,.o..(....,,#...
, , ........##...
, ....o.(o..# ,,
** * #{#.# #.
#@#..##. ,, * #.#
.... #.###..*
#..##.## ##.##..#
#)#...###
#.#.#...##
##...###..########
##....#
##.........


You could see an orc priest.

Vanquished Creatures
  A phantom (D:4)
  A bullfrog skeleton (D:4)
  An orc wizard (D:3)
  3 orc priests
  A hound (D:4)
  A worker ant (D:4)
  3 gnolls (D:2)
  4 adders
  An ooze (D:2)
  A worm (D:2)
  4 dart slugs
  2 leopard geckos
  17 orcs
  A ball python (D:2)
  3 giant cockroaches
  4 goblins
  7 hobgoblins
  4 jackals (D:2)
  6 bats
  8 frilled lizards
  9 kobolds
  11 rats
93 creatures vanquished.

Notes
Turn   | Place    | Note
-------+----------+-------------------------------------------
     0 | D:1      | PaperRat the Deep Dwarf Hunter began the quest for the Orb.
     0 | D:1      | Reached XP level 1. HP: 19/19 MP: 1/1
   109 | D:1      | Reached XP level 2. HP: 20/26 MP: 2/2
   259 | D:1      | Reached skill level 1 in Armour
   489 | D:1      | Reached XP level 3. HP: 21/32 MP: 3/3
  1127 | D:2      | Reached XP level 4. HP: 31/40 MP: 4/4
  1131 | D:2      | Reached skill level 5 in Crossbows
  1945 | D:3      | Reached skill level 1 in Axes
  1945 | D:3      | Reached XP level 5. HP: 33/46 MP: 5/5
  2351 | D:3      | Found a blossoming altar of Fedhas.
  2351 | D:3      | Found a deep blue altar of Sif Muna.
  2353 | D:3      | Found a shimmering altar of Xom.
  2464 | D:4      | Found Iveaff's Antique Armour Emporium.
  2568 | D:4      | Reached XP level 6. HP: 35/55 MP: 6/6
  2815 | D:4      | Killed from afar by an orc priest

Skill      XL: |  1  2  3  4  5  6 |
---------------+-------------------+-----
Fighting       | 2 3 |  3.2
Armour         | 1 2 3 4 |  4.3
Crossbows      | 5 |  5.6
Dodging        | 3 |  3.0
Axes           | 1 2 3 |  3.2
Stealth        | |  1.2

Action                   |  1- 3 |  4- 6 || total
-------------------------+-------+-------++-------
Melee: Short sword       |    43 |       ||    43
       Hand axe          |    46 |    85 ||   131
 Fire: Hand crossbow     |    39 |    65 ||   104
Throw: Stone             |    14 |     1 ||    15
 Abil: Heal Wounds       |     1 |     1 ||     2
  Use: Scroll            |     5 |     5 ||    10
 Stab: Sleeping          |     1 |       ||     1
  Eat: Chunk             |     1 |     5 ||     6
Armor: Leather armour    |    17 |       ||    17
       Chain mail        |    48 |       ||    48
       Scale mail        |       |    47 ||    47
Dodge: Dodged            |    57 |    56 ||   113
       Deflected         |     2 |     1 ||     3
